 Dungeon Crawl Stone Soup version 0.27.0-1-g7a089689b8 (webtiles) character file.

Game seed: 17551334655138340646

4 SnakkuSnakku7 the Conjurer (level 1, -1/13 HPs)
             Began as a Vampire Conjurer on Aug 15, 2021.
             Slain by a quokka (3 damage)
             ... on level 1 of the Dungeon.
             The game lasted 00:00:51 (174 turns).

SnakkuSnakku7 the Conjurer (Vampire Conjurer)        Turns: 174, Time: 00:00:53

Health: -1/13      AC:  2    Str:  6    XL:     1   Next: 58%
Magic:  0/3        EV: 12    Int: 20    God:
Gold:   0          SH:  0    Dex: 12    Spells: 3/4 levels left

rFire    . . .     SeeInvis +   (no weapon)
rCold    . . .     Faith    .   (no shield)
rNeg     . . .     Spirit   .   a - +0 robe
rPois    .         Reflect  .   (no helmet)
rElec    .         Harm     .   (no cloak)
rCorr    .         Rampage  .   (no gloves)
Will     .....                  (no boots)
Stlth    ++........             (no amulet)
HPRegen  0.24/turn              (no ring)
MPRegen  0.08/turn              (no ring)

@: healing quickly
A: alive, fangs 3, see invisible, vampiric 1
a: Exsanguinate


You were on level 1 of the Dungeon.
You visited 1 branch of the dungeon, and saw 1 of its levels.

Inventory:

Armour
 a - a +0 robe (worn)


   Skills:
 - Level 2.1 Dodging
 - Level 3.0 Stealth
 - Level 2.0 Spellcasting
 + Level 3.1 Conjurations


You had 3 spell levels left.
You knew the following spells:

 Your Spells              Type           Power      Damage    Failure   Level
a - Magic Dart            Conj           56%        1d5       4%          1

Your spell library contained the following spells:

 Spells                   Type           Power      Damage    Failure   Level
 Searing Ray              Conj           28%        3d4       6%          2
 Dazzling Flash           Conj/Hex       16%        N/A       24%         3
 Fulminant Prism          Conj/Hex       4%         3d6       63%         4
 Iskenderun's Mystic Bla  Conj/Tloc      8%         2d4       63%         4


Dungeon Overview and Level Annotations

Branches:
Dungeon (1/15)

Altars:

Shops:
D:1 ?


Innate Abilities, Weirdness & Mutations

Your natural rate of healing is accelerated.
You have razor-sharp teeth.
You have supernaturally acute eyesight. (SInv)
You are afflicted with vampirism.


Message History

The quokka barely misses you.
The quokka twitches its whiskers.
The quokka misses you.
Found a viscous blue potion and a short sword.
Found a puce potion.
An endoplasm comes into view.
Found 16 gold pieces.
The quokka completely misses you.
Found a spear.
Found Vonuess's Magic Scroll Shoppe.
Found an escape hatch in the floor.
A ball python comes into view.
The ball python hisses angrily.
The endoplasm quivers.
The ball python bites you but does no damage.
The ball python grabs you. The ball python constricts you.
Found a robe.
You see here 16 gold pieces.
You escape the ball python's grasp.
A hobgoblin comes into view.
The endoplasm hits you.
The quokka bites you but does no damage.
The quokka bites you.
You see here a +0 robe.
The quokka bites you.
Aiming: Magic Dart (safe; 4% risk of failure)
Press: ? - help, Q - select action Shift-Dir - straight line, f/p - quokka
Aim: a quokka (heavily wounded, 100% to hit)
The magic dart hits the quokka.
The quokka is severely wounded.
The quokka bites you.
* * * LOW HITPOINT WARNING * * *
The quokka bites you.
* * * LOW HITPOINT WARNING * * *
Aiming: Magic Dart (safe; 4% risk of failure)
Press: ? - help, Q - select action Shift-Dir - straight line, f/p - quokka
Aim: a quokka (severely wounded, 100% to hit)
The magic dart hits the quokka but does no damage.
The quokka is severely wounded.
The quokka bites you.
You die...

########## ## .....)...#
.....!...# ####
.........###.!.######
.............# K....####
..........#.#######....###
..........#.............?##
####.$#################...##
.....8..[....JSr@..........######
......##.#################.......
...8.∩.8.# #######. #..#.>#### ##
##...8# #....# ....## ##...# #.g.


You could see an endoplasm, a quokka and a ball python.

Vanquished Creatures
  2 giant cockroaches (D:1)
  A hobgoblin (D:1)
  A rat (D:1)
4 creatures vanquished.

Notes
Turn   | Place    | Note
-------+----------+-------------------------------------------
     0 | D:1      | SnakkuSnakku7 the Vampire Conjurer began the quest for the
                  | Orb.
     0 | D:1      | Reached XP level 1. HP: 13/13 MP: 3/3
   158 | D:1      | Found Vonuess's Magic Scroll Shoppe.
   174 | D:1      | Slain by a quokka

Illustrated notes

Levels and vault maps discovered:
D:1:      dpeg_arrival_lava_altar, layout_rooms, serial_shops,
          nicolae_shop_competitors_out_of_business, nicolae_shop_stone,
          nicolae_shop_statue_plus, hellmonk_ecumenical_altar_zigzags,
          minmay_ruptured

Skill      XL: |  1 |
---------------+----+-----
Conjurations   | 3 |  3.1
Dodging        | |  2.1
Stealth        | |  3.0
Spellcasting   | |  2.0

Action                   || total
-------------------------++-------
Melee: Unarmed           ||    28
       Bite              ||     4
 Cast: Magic Dart        ||    11
Armor: Robe              ||    13
Dodge: Dodged            ||    36
